 Dungeon Crawl Stone Soup version 0.23-a0-644-gb60d84b635 (webtiles) character file.

1877 Morenatsu the Fighter (level 9, -9/78 HPs)
             Began as a Formicid Fighter on Jan 2, 2019.
             Was a Believer of Elyvilon.
             Mangled by a two-headed ogre
             ... wielding a +0 giant club
              (10 damage)
             ... on level 5 of the Dungeon.
             The game lasted 00:12:15 (5928 turns).

Morenatsu the Fighter (Formicid Fighter)            Turns: 5928, Time: 00:12:15

Health: -9/78      AC: 10    Str: 30    XL:     9   Next: 36%
Magic:  9/9        EV:  8    Int:  7    God:    Elyvilon [**....]
Gold:   242        SH: 13    Dex: 10    Spells: 8/8 levels left

rFire    . . .     SeeInvis +   a - +1 long sword
rCold    + . .     Gourm    .   c - +1 shield
rNeg     + . .     Faith    .   b - +0 scale mail
rPois    .         Spirit   .   (helmet unavailable)
rElec    .         Reflect  +   (no cloak)
rCorr    .         Harm     .   g - +2 pair of gloves
MR       .....                  (no boots)
Stlth    ..........             l - +2 amulet of reflection
HPRegen  0.23/turn              j - ring of positive energy
MPRegen  0.11/turn              k - ring of protection from cold

@: mighty
A: permanent stasis, dig shafts and tunnels, four strong arms, antennae 3
a: Dig, Shaft Self, Lesser Healing, Heal Other, Divine Protection, Renounce
Religion


You were on level 5 of the Dungeon.
You worshipped Elyvilon.
Elyvilon was pleased with you.
You were not hungry.

You visited 2 branches of the dungeon, and saw 7 of its levels.

You collected 242 gold pieces.

Inventory:

Hand Weapons
 a - a +1 long sword (weapon)
Armour
 b - a +0 scale mail (worn)
 c - a +1 shield (worn)
 g - a +2 pair of gloves (worn)
Jewellery
 j - a ring of positive energy (left hand)
 k - a ring of protection from cold (right hand)
 l - a +2 amulet of reflection (around neck)
Scrolls
 n - a scroll of remove curse
 o - a scroll of enchant armour
 q - a scroll of fear
 r - 2 scrolls of enchant weapon
Potions
 d - a potion of might
 e - a potion of resistance
 i - 4 potions of curing
 m - 2 potions of agility
 p - a potion of haste
 s - a potion of brilliance {unknown}
Comestibles
 f - 10 rations
 h - 8 chunks of flesh


   Skills:
 + Level 9.7 Fighting
 - Level 8.2 Long Blades
 - Level 3.2 Armour
 - Level 3.6 Shields


You had 8 spell levels left.
You didn't know any spells.
Your spell library was empty.

Dungeon Overview and Level Annotations

Branches:
Dungeon (6/15)             Temple (1/1) D:4

Altars:
Ashenzari
Cheibriados
Dithmenos
Elyvilon
Fedhas
Gozag
Hepliaklqana
Kikubaaqudgha
Makhleb
Nemelex Xobeh
Okawaru
Qazlal
Ru
Sif Muna
Vehumet
Xom
Yredelemnul


Innate Abilities, Weirdness & Mutations

You cannot be hasted, slowed, berserked, paralysed or teleported.
You can dig through walls and to a lower floor.
Your four strong arms can wield two-handed weapons with a shield.
You have a pair of large antennae on your head. (SInv)


Message History

* * * LOW HITPOINT WARNING * * *
You beseech Elyvilon to protect your life.
The two-headed ogre hits you but does no damage.
The two-headed ogre hits you with a +0 giant spiked club!
Elyvilon protects you from harm!
Really attack the two-headed ogre while asking for your life to be spared?
This
Okay, then.
Press: ? - help, Dir - move target cursor, f - two-headed ogre Heal: a two-headed ogre, wielding a +0 giant club and a +0 giant spiked club The two-headed ogre would be completely unfazed by your meager offer of peace.
The two-headed ogre hits you with a +0 giant club!
* * * LOW HITPOINT WARNING * * *
The two-headed ogre hits you with a +0 giant spiked club!
Elyvilon protects you from harm!
Press: ? - help, Dir - move target cursor, f/p - two-headed ogre Heal: a two-headed ogre, wielding a +0 giant club and a +0 giant spiked club You fail to use your ability.
Your divine protection fades away.
The two-headed ogre hits you with a +0 giant club!
You die...

#.#..######....###...###..p.(
#.#..##..........#._.#.......
#.#..##........###...###....#
#.#..##....(.###.##'##.###..#
#.>........###....#.#....####
###..##..........##.##......#
#..............#...#......#
##>##..##.O..÷##...##.....#
#.##.###.@...#.....#.....#
#....# #.....#.....#.....#
####.###.#.#.#.#.###.#.#.#
##.##..##.#.#.# #.#†..#
##...###.#.#.###.#.### #####
#.#....÷....# #.#.#.###.###
#.#.#.# #.#####
#.#.#.###.#....


You could see a two-headed ogre.

Vanquished Creatures
  Pikel (D:5)
  Sigmund (D:4)
  A wyvern (D:5)
  An ice beast (D:5)
  2 slaves
  An ogre (D:4)
  A centaur (D:5)
  Blork the orc (D:4)
  A bullfrog (D:6)
  A scorpion (D:5)
  A howler monkey (D:3)
  3 crimson imps (D:5)
  3 hounds
  A bullfrog zombie (D:5)
  2 orc priests
  An iguana (D:5)
  3 orc wizards
  A worker ant (D:4)
  A killer bee zombie (D:2)
  A hound zombie (D:5)
  5 adders
  2 oozes
  2 worms (D:2)
  5 dart slugs
  5 leopard geckos
  14 orcs
  5 ball pythons
  A bat zombie (D:2)
  4 giant cockroaches
  5 hobgoblins
  9 jackals
  7 kobolds
  3 quokkas
  5 bats
  4 frilled lizards
  10 goblins
  A quokka skeleton (D:4)
  7 rats
  A rat zombie (D:2)
123 creatures vanquished.

Notes
Turn   | Place    | Note
-------+----------+-------------------------------------------
     0 | D:1      | Morenatsu the Formicid Fighter began the quest for the Orb.
     0 | D:1      | Reached XP level 1. HP: 18/18 MP: 1/1
   211 | D:1      | Reached XP level 2. HP: 24/24 MP: 2/2
   773 | D:1      | Reached XP level 3. HP: 29/29 MP: 3/3
  1396 | D:2      | Reached XP level 4. HP: 35/35 MP: 4/4
  1463 | D:2      | Found an ancient bone altar of Kikubaaqudgha.
  1592 | D:2      | Found an iron altar of Okawaru.
  1692 | D:2      | Found a faded altar of an unknown god.
  1837 | D:2      | Reached XP level 5. HP: 34/41 MP: 5/5
  2003 | D:2      | Reached skill level 5 in Long Blades
  2679 | D:3      | Reached XP level 6. HP: 27/47 MP: 6/6
  3192 | D:4      | Found a shadowy altar of Dithmenos.
  3233 | D:4      | Found a staircase to the Ecumenical Temple.
  3247 | D:4      | Noticed Sigmund
  3256 | Temple   | Entered the Ecumenical Temple
  3460 | Temple   | Became a worshipper of Elyvilon the Healer
  3481 | D:4      | Killed Sigmund
  3481 | D:4      | Reached XP level 7. HP: 38/52 MP: 7/7
  3517 | D:4      | Found a burning altar of Makhleb.
  3537 | D:4      | Found an ancient bone altar of Kikubaaqudgha.
  3566 | D:4      | Found a snail-covered altar of Cheibriados.
  3594 | D:4      | Noticed Blork the orc
  3606 | D:4      | Killed Blork the orc
  4171 | D:4      | Reached * piety under Elyvilon
  4178 | D:4      | Found a blossoming altar of Fedhas.
  4550 | D:5      | Entered Level 5 of the Dungeon
  4568 | D:5      | Reached skill level 4 in Fighting
  4568 | D:5      | Reached XP level 8. HP: 54/60 MP: 8/8
  4594 | D:5      | Reached skill level 5 in Fighting
  4689 | D:5      | Found a shattered altar of Ashenzari.
  5013 | D:5      | Noticed a wyvern
  5025 | D:5      | Killed a wyvern
  5025 | D:5      | Reached skill level 6 in Fighting
  5145 | D:5      | Noticed Pikel
  5163 | D:5      | Killed Pikel
  5163 | D:5      | Reached skill level 8 in Fighting
  5163 | D:5      | Reached XP level 9. HP: 52/75 MP: 9/9
  5568 | D:5      | Reached skill level 9 in Fighting
  5847 | D:5      | Noticed a two-headed ogre
  5866 | D:6      | Reached ** piety under Elyvilon
  5917 | D:5      | Elyvilon protects you from harm!
  5927 | D:5      | HP: 1/78 [two-headed ogre/+0 giant club (9)]
  5927 | D:5      | Elyvilon protects you from harm!
  5928 | D:5      | Mangled by a two-headed ogre

Vault maps used:
D:1:      dpeg_arrival_orchard, kennysheep_flooded_box
D:2:      okawaru_metal_pillars_1_2, lemuel_zombie_altar_kikubaaqudgha,
          chequers_ecumenical_altar_grove, minmay_pentomino_t4
D:4:      kennysheep_mini, kennysheep_mini_moat, kennysheep_slug_shrine,
          nicolae_overflow_hidden_temple, minmay_temple_entry_glass,
          first_ration, lemuel_tele_altar, uniq_sigmund, uniq_blork_the_orc
D:5:      nicolae_ashenzari_panopticon, uniq_pikel
D:6:      lemuel_round_altar, serial_shops, shop_coins, uniq_prince_ribbit1,
          uniq_grinder, uniq_crazy_yiuf_cottage
Temple:   chequers_temple_sunken

Skill      XL: |  1  2  3  4  5  6  7  8  9 |
---------------+----------------------------+-----
Long Blades    | 3 4 5 7 8 |  8.2
Fighting       | 4 8 9 |  9.7
Armour         | |  3.2
Shields        | |  3.6

Action                   |  1- 3 |  4- 6 |  7- 9 || total
-------------------------+-------+-------+-------++-------
Melee: Long sword        |    74 |   233 |   187 ||   494
Invok: Divine Protection |       |       |     1 ||     1
  Use: Scroll            |     4 |     8 |     2 ||    14
       Potion            |       |       |     1 ||     1
  Eat: Chunk             |     1 |     8 |     8 ||    17
Armor: Scale mail        |    54 |   112 |    60 ||   226
Dodge: Dodged            |    34 |    65 |    49 ||   148
Block: Shield            |    60 |   173 |   112 ||   345
       Reflection        |     2 |     5 |     1 ||     8
       Rpst.: Long sword |    10 |    16 |    12 ||    38

Table legend:
 A = Non-vault XP
 B = Vault XP
 C = Vault XP percentage of total XP
 D = Non-vault monster count
 E = Vault monster count
 F = Vault count percentage of total count
                 A         B        C        D         E       F
            +---------+---------+-------+---------+---------+-------
      Total |    1670 |    1012 |  37.7 |     112 |       9 |   7.4
            +---------+---------+-------+---------+---------+-------
        D:1 |      31 |       0 |   0.0 |      17 |       0 |   0.0
        D:2 |     124 |       8 |   6.1 |      33 |       5 |  13.2
        D:3 |     180 |       0 |   0.0 |      26 |       0 |   0.0
        D:4 |     314 |     331 |  51.3 |      17 |       3 |  15.0
        D:5 |     930 |     673 |  42.0 |      17 |       1 |   5.6
        D:6 |      91 |       0 |   0.0 |       2 |       0 |   0.0
            +---------+---------+-------+---------+---------+-------
